[Event "Team 45 45 League T32"]
[Site "Internet Chess Club"]
[Date "2007.02.18"]
[Round "5"]
[White "fibin"]
[Black "oldsj"]
[Result "1-0"]
[WhiteElo "1430"]
[BlackElo "1331"]
[ECO "C50"]
[TimeControl "2700+45"]

1. e4 e5 2. Nf3 Nc6 3. Bc4 Bc5 4. d3 Nf6 5. Ng5 d5 6. Bb3 Be6 7. Nxe6 fxe6 8.
O-O Qd7 9. Nc3 O-O-O 10. Bg5 d4 11. Na4 Be7 12. Bxf6 gxf6 13. c4 Rdf8 14. Bc2 f5
15. a3 fxe4 16. dxe4 Nd8 17. b4 Nc6 18. Bd3 Bh4 19. Nc5 Qe7 20. Qe1 Rhg8 21. g3
h5 22. Nb3 a6 23. b5 axb5 24. cxb5 Na7 25. a4 b6 26. a5 Qd7 27. axb6 cxb6 28.
Bc4 Kb8 29. Ra6 Qc7 30. Bxe6 Nxb5 31. Bxg8 Rxg8 32. Qa1 Qb7 33. Nd2 Bd8 34. Nc4
h4 35. Rb1 Qc6 36. Nxe5 Qxe4 37. Nd7+ Kc7 38. Rxb5 h3 39. Ra7+ Kd6 40. Qa3+ Ke6
41. Re5+ Qxe5 42. Nxe5 Kxe5 43. Qa2 Rg4 44. Qe2+ Kf5 45. Rf7+ Bf6 46. Rxf6+
{Black resigns} 1-0

[Event "Team 45 45 League T32"]
[Site "Internet Chess Club"]
[Date "2007.02.20"]
[Round "5"]
[White "viking99"]
[Black "b-spot"]
[Result "1-0"]
[WhiteElo "1815"]
[BlackElo "1664"]
[ECO "B90"]
[TimeControl "2700+45"]

1. e4 c5 2. Nf3 d6 3. d4 cxd4 4. Nxd4 Nf6 5. Nc3 a6 6. Be3 Ng4 7. Bg5 h6 8. Bh4
g5 9. Bg3 Bg7 10. Be2 h5 11. h3 h4 12. hxg4 hxg3 13. Rxh8+ Bxh8 14. f3 Qb6 15.
Nb3 Qf2+ 16. Kd2 Qxg2 17. Qh1 Qh2 18. Rg1 Be5 19. Nd5 Bf4+ 20. Nxf4 gxf4 21.
Qxh2 gxh2 22. Rh1 b5 23. Rxh2 Bb7 24. Na5 Ra7 25. Rh8+ {Black resigns} 1-0

[Event "Team 45 45 League T32"]
[Site "Internet Chess Club"]
[Date "2007.02.18"]
[Round "5"]
[White "tammany"]
[Black "OOB1"]
[Result "1-0"]
[WhiteElo "1652"]
[BlackElo "1461"]
[ECO "C10"]
[TimeControl "2700+45"]

1. e4 e6 2. d4 d5 3. Nc3 dxe4 4. Nxe4 Nf6 5. Bg5 Be7 6. Nxf6+ Bxf6 7. Bxf6 Qxf6
8. Bd3 Nc6 9. c3 Qg5 10. Qf3 e5 11. h4 Qg4 12. dxe5 Be6 13. Bb5 Bd7 14. Bxc6
bxc6 15. Qxg4 Bxg4 16. f3 Be6 17. Ne2 Rd8 18. Nd4 Bd5 19. b3 O-O 20. Kf2 f6 21.
exf6 Rxf6 22. Rad1 Rdd6 23. Rde1 Bf7 24. b4 Kf8 25. Re3 Bxa2 26. Ra1 Bf7 27.
Rxa7 Rd8 28. Rxc7 Bd5 29. Ree7 Rh6 30. Rxg7 Rxh4 31. Rxh7 Rxh7 32. Rxh7 Kg8 33.
Re7 Ra8 34. Re3 Kf7 35. g4 Kf6 36. Kg3 Ra1 37. Kf4 Rg1 38. c4 Bxc4 39. Nxc6 Bd5
40. Rc3 Rb1 41. Rc5 Ke6 42. Nd4+ Kd6 43. Nf5+ Ke6 44. Rb5 Rb3 {Black resigns}
1-0

[Event "Team 45 45 League T32"]
[Site "Internet Chess Club"]
[Date "2007.02.18"]
[Round "5"]
[White "rubashov"]
[Black "dougmo"]
[Result "1-0"]
[WhiteElo "1573"]
[BlackElo "1520"]
[ECO "C07"]
[TimeControl "2700+45"]

1. e4 e6 2. d4 d5 3. Nd2 c5 4. Ngf3 cxd4 5. Nxd4 Nf6 6. exd5 Qxd5 7. N4f3 Nc6 8.
Bc4 Qc5 9. Qe2 Be7 10. O-O Bd7 11. Nb3 Qb6 12. Be3 Qc7 13. Rad1 O-O 14. c3 Rac8
15. Bd3 Nd5 16. Rd2 Nxe3 17. Qxe3 Bf6 18. Re1 a6 19. Nc5 Rfd8 20. Ne4 Be5 21.
Nxe5 Nxe5 22. Nd6 Nxd3 23. Qxd3 Bc6 24. Red1 Bd5 25. Nxc8 Rxc8 26. a3 g6 27. Qe3
Qc6 28. f3 Re8 29. Rd4 Qb6 30. Qf2 Qc6 31. Qh4 Qc5 32. Kh1 Qc7 33. Qf6 Qe7 34.
Qxe7 Rxe7 35. c4 Bc6 36. b4 Kf8 37. Kg1 f5 38. Kf2 Kf7 39. Ra1 e5 40. Rd6 e4 41.
f4 e3+ 42. Kg3 e2 43. Re1 Ba4 44. Kf3 Bd1 45. c5 Rc7 46. Rexd1 exd1=Q+ 47. Rxd1
a5 48. Rd4 axb4 49. axb4 Ke7 50. Ke3 Rc6 51. Kd3 b6 52. Kc4 bxc5 53. bxc5 Re6
54. Kb5 Re4 55. Rxe4+ fxe4 56. Kc4 e3 57. Kd3 e2 58. Kxe2 Kd7 59. Ke3 Kc6 60.
Ke4 Kxc5 61. Ke5 Kc4 62. Kf6 Kd4 63. Kg7 Ke4 64. g3 h5 65. Kxg6 h4 66. gxh4 Kxf4
67. h5 {Black resigns} 1-0

[Event "Team 45 45 League T32"]
[Site "Internet Chess Club"]
[Date "2007.02.14"]
[Round "5"]
[White "Two-DogMan"]
[Black "Mfalme"]
[Result "0-1"]
[WhiteElo "1498"]
[BlackElo "1203"]
[ECO "C41"]
[TimeControl "2700+45"]

1. e4 e5 2. Nf3 d6 3. Bc4 f5 4. exf5 Bxf5 5. d3 Be7 6. Nc3 Nf6 7. O-O Qd7 8. Ng5
Bg6 9. Qf3 c6 10. Be6 Qd8 11. Nce4 d5 12. Nxf6+ Bxf6 13. Qg4 Nd7 14. Re1 Nc5 15.
Bf5 Bxf5 16. Qxf5 Qd7 17. Qf3 O-O 18. Qg3 Qf5 19. Bd2 Ne6 20. Nf3 Nf4 21. d4 e4
22. Bxf4 exf3 23. Be5 fxg2 24. c3 Bxe5 25. dxe5 Rae8 26. Re3 Re6 27. Rae1 Rg6
28. Qh4 Rg4 29. Qxg4 Qxg4 30. R1e2 Rf4 31. e6 Re4 32. e7 Qe6 33. c4 Qxe7 34.
cxd5 cxd5 35. b3 h5 36. Kxg2 g5 37. h3 Kg7 38. Kf3 Qf6+ 39. Kg2 Kg6 40. a4 Rxe3
41. Rxe3 d4 42. Rf3 Qe5 43. Kf1 Qe4 44. Kg2 g4 45. hxg4 hxg4 46. Kg3 Qxf3+
{White resigns} 0-1

[Event "Team 45 45 League T32"]
[Site "Internet Chess Club"]
[Date "2007.02.15"]
[Round "5"]
[White "smitty120"]
[Black "Changuito-77"]
[Result "1-0"]
[WhiteElo "1904"]
[BlackElo "1738"]
[ECO "C53"]
[TimeControl "2700+45"]

1. e4 e5 2. Nf3 Nc6 3. Bc4 Bc5 4. c3 Bb6 5. d4 Qe7 6. O-O Nf6 7. Re1 d6 8. h3
O-O 9. Bg5 Kh8 10. Na3 Nd8 11. Nc2 Ne6 12. Qd2 Nxg5 13. Qxg5 exd4 14. cxd4 Ng8
15. e5 h6 16. Qxe7 Nxe7 17. exd6 Nf5 18. dxc7 Bxc7 19. Ne5 Bxe5 20. dxe5 Be6 21.
Bxe6 fxe6 22. Re2 Rac8 23. Rd1 Rc7 24. Kh2 Kg8 25. Ne1 Ne7 26. Rd6 Kf7 27. g4
Nd5 28. Kg3 Ke7 29. Nf3 Nf4 30. Red2 Nxh3 31. Nd4 Ng5 32. f3 Rc5 33. Re2 Rxe5
34. Rxe5 Kxd6 35. f4 Re8 36. Nb5+ Kc6 37. fxg5 hxg5 38. Nd4+ Kd6 39. Rxg5 e5 40.
Nf5+ Kd5 41. Rxg7 {Black resigns} 1-0

[Event "Team 45 45 League T32"]
[Site "Internet Chess Club"]
[Date "2007.02.17"]
[Round "5"]
[White "Cantemir"]
[Black "ElmerHo"]
[Result "1/2-1/2"]
[WhiteElo "1463"]
[BlackElo "1617"]
[ECO "A11"]
[TimeControl "2700+45"]

1. c4 c6 2. b3 d5 3. e3 Nf6 4. Bb2 e6 5. Nf3 Be7 6. d4 Nbd7 7. Bd3 O-O 8. O-O c5
9. Nbd2 b6 10. Qc2 h6 11. Rad1 Bb7 12. Ne5 cxd4 13. exd4 Nxe5 14. dxe5 Nd7 15.
Nf3 Rc8 16. Qb1 Nc5 17. Be2 Qd7 18. Rfe1 Rfd8 19. Bf1 Qe8 20. cxd5 Rxd5 21. h3
Rxd1 22. Qxd1 Rd8 23. Qe2 Nd3 24. Rd1 Nxb2 25. Rxd8 Qxd8 26. Qxb2 Bxf3 27. gxf3
Qc7 28. Bg2 Bg5 29. Qd4 Qc1+ 30. Bf1 Qc7 31. f4 Be7 32. Bd3 Qd8 33. Qe4 g6 34.
Kg2 Bc5 35. f3 Qd4 36. Qxd4 Bxd4 37. Kg3 a5 38. a4 Kg7 39. Kg4 f6 40. exf6+ Kxf6
41. Be4 Bf2 42. h4 Be1 43. h5 g5 44. fxg5+ hxg5 45. h6 Bd2 46. h7 Kg7 47. Kh5
Bf4 48. Bg6 e5 49. Kg4 Be3 50. Kf5 Bf4 51. Ke6 Kh8 52. Kd5 Kg7 53. Kc6 Be3 54.
Be4 Kh8 55. Kb5 Bc5 56. Kc4 Kg7 57. Kd5 Bd4 58. Ke6 Kh8 59. Kf5 Kxh7 60. Kxg5+
Kg7 61. Kf5 Kf7 62. Bd5+ Ke7 63. Ke4 Bb2 64. Kd3 Kd6 65. Kc4 Ba3 66. Be4 Bb4 67.
Kb5 Bc5 68. Bd3 Kd5 69. Bc4+ Kd4 70. Kc6 Ke3 71. Bd5 Kd4 72. Be4 Kc3 73. Bd5 Kd4
74. Be4 Kc3 75. Bd5 Kd4 76. Bc4 Ke3 77. Kd5 Bd4 78. Ba6 Kxf3 79. Bb7 Ke3 80. Bc6
Kd3 81. Bb5+ Ke3 82. Bc6 Kf4 83. Kc4 Bc5 84. Kd3 Bd4 85. Be4 Bc5 86. Bh1 Kg3 87.
Ke4 Bd4 88. Kd3 Kf2 89. Bd5 Ke1 90. Ke4 Kd2 91. Bc4 Kc3 92. Kd5 Kb4 93. Ke4 Kc5
94. Bf7 b5 95. axb5 Kxb5 96. Bc4+ Kb4 97. Bd5 a4 98. bxa4 Kxa4 99. Ba2 Kb4 100.
Bg8 Kc3 101. Ba2 Kd2 {Game drawn by mutual agreement} 1/2-1/2

[Event "Team 45 45 League T32"]
[Site "Internet Chess Club"]
[Date "2007.02.17"]
[Round "5"]
[White "Invicta-Knight"]
[Black "GadsHill"]
[Result "0-1"]
[WhiteElo "1417"]
[BlackElo "1532"]
[ECO "B07"]
[TimeControl "2700+45"]

1. e4 d6 2. d4 Nf6 3. Nc3 Nbd7 4. Nf3 e5 5. dxe5 dxe5 6. Bc4 Be7 7. O-O O-O 8.
a3 c6 9. b4 b5 10. Ba2 Qc7 11. Bb2 Bb7 12. Nd2 a6 13. a4 Bxb4 14. axb5 Bxc3 15.
Bxc3 cxb5 16. Bb4 Rfd8 17. f3 Rac8 18. Rc1 Nc5 19. c4 Nd3 20. Rb1 Qb6+ 21. c5
Nxc5 22. Bxc5 Rxc5 23. Kh1 Qa5 24. Nb3 Rxd1 25. Nxa5 Rxf1+ 26. Rxf1 Ba8 27. Kg1
Kf8 28. Nb3 Rc7 29. Rd1 Ke7 30. Nc1 Rd7 31. Rxd7+ Nxd7 32. Nd3 f6 33. Kf2 Kd6
34. Ke3 Nc5 35. Nb4 a5 36. Nc2 b4 37. Bb1 Bc6 38. g3 Bb5 39. Ne1 b3 40. Kd2 a4
41. Kc3 a3 {White resigns} 0-1

[Event "Team 45 45 League T32"]
[Site "Internet Chess Club"]
[Date "2007.02.19"]
[Round "5"]
[White "rgadoury"]
[Black "Hastings"]
[Result "0-1"]
[WhiteElo "1308"]
[BlackElo "1330"]
[ECO "A45"]
[TimeControl "2700+45"]

1. d4 Nf6 2. e3 g6 3. Bd3 Bg7 4. Nd2 O-O 5. f4 e6 6. Ngf3 d5 7. O-O b6 8. c3 Ba6
9. Bxa6 Nxa6 10. Ne5 Ne4 11. Ndf3 c5 12. dxc5 Naxc5 13. Nc6 Qc7 14. Ncd4 Nd7 15.
Qe1 Rac8 16. Bd2 Rfe8 17. Ng5 Ndf6 18. Nxe4 Nxe4 19. Nf3 Qe7 20. Rc1 a5 21. a3
Rc7 22. Ne5 Bxe5 23. fxe5 Qg5 24. Rf4 Qxe5 25. Rc2 Rd8 26. c4 Rxc4 27. Rxc4 dxc4
28. Rxe4 Qxe4 29. Bc3 Qc2 30. Bd4 e5 31. h3 exd4 32. exd4 Qxb2 33. Kh2 c3 34.
Qe7 Rf8 {White resigns} 0-1

[Event "Team 45 45 League T32"]
[Site "Internet Chess Club"]
[Date "2007.02.17"]
[Round "5"]
[White "nursey"]
[Black "SneakyRed"]
[Result "0-1"]
[WhiteElo "1621"]
[BlackElo "1831"]
[ECO "B18"]
[TimeControl "2700+45"]

1. e4 c6 2. d4 d5 3. Nc3 dxe4 4. Nxe4 Bf5 5. Ng3 Bg6 6. Nf3 Nd7 7. Bd3 e6 8.
Bxg6 hxg6 9. c4 Ngf6 10. Qb3 Qc7 11. Bg5 Bd6 12. Qa4 Bxg3 13. fxg3 Qxg3+ 14. Kf1
Qc7 15. Re1 O-O 16. g3 Nb6 17. Qc2 c5 18. dxc5 Qxc5 19. Bxf6 gxf6 20. b3 Qh5 21.
Qe4 Rab8 22. Qf4 Kg7 23. g4 Qc5 24. Kg2 Nd7 25. Rhf1 b5 26. cxb5 Rxb5 27. Rc1
Qb6 28. Rcd1 g5 29. Qg3 Ne5 30. Rfe1 Qb7 31. Re3 Rh8 32. Rde1 Ng6 33. Kh1 Nf4
34. Qf2 Rh4 35. Qg3 Rh3 36. Qf2 Rb4 37. Kg1 Nd5 38. Re4 Rxe4 39. Rxe4 Nc3 40.
Re3 Nd1 41. Qf1 Rg3+ 42. hxg3 Nxe3 43. Qe2 Qb6 44. Kf2 Nxg4+ 45. Ke1 Qe3 46.
Qxe3 Nxe3 47. Ke2 Nd5 48. a3 Kf8 49. Kd3 Ke7 50. Nd4 Kd7 51. Kc4 a6 52. b4 f5
53. b5 axb5+ 54. Kxb5 Kc7 55. a4 f4 56. gxf4 gxf4 57. a5 e5 58. Nf5 f3 59. a6 f2
{White resigns} 0-1

[Event "Team 45 45 League T32"]
[Site "Internet Chess Club"]
[Date "2007.02.17"]
[Round "5"]
[White "az2112"]
[Black "Lyko"]
[Result "0-1"]
[WhiteElo "1640"]
[BlackElo "1514"]
[ECO "B76"]
[TimeControl "2700+45"]

1. e4 c5 2. Nf3 d6 3. d4 cxd4 4. Nxd4 Nf6 5. Nc3 g6 6. Be3 Bg7 7. f3 O-O 8. Qd2
Re8 9. O-O-O Bd7 10. Bc4 Nc6 11. g4 Ne5 12. Bb3 a6 13. h3 Qc7 14. Bh6 Nc4 15.
Bxc4 Qxc4 16. Bxg7 Kxg7 17. f4 e5 18. g5 Nh5 19. Nde2 exf4 20. Nxf4 Ng3 21. Rhe1
Nxe4 22. Rxe4 Rxe4 23. Nxe4 Qxe4 24. Qxd6 Bf5 25. Qf6+ Kg8 26. Rd8+ Rxd8 27.
Qxd8+ Kg7 28. Qf6+ Kf8 29. Qd8+ Qe8 30. Qd6+ Qe7 31. Qd2 Qd7 32. Nd5 Qc6 33.
Qb4+ Kg7 34. Qd4+ f6 35. c4 Qe6 36. Kd2 Kf7 37. Qxf6+ Qxf6 38. Nxf6 Kg7 39. h4
h6 40. Ne8+ Kf8 41. gxh6 g5 42. Nd6 gxh4 43. Nxf5 h3 44. Ng3 Kf7 45. Ke3 Kg6 46.
h7 Kxh7 47. Kf4 Kg6 48. Kg4 Kf6 49. Kxh3 Ke5 50. Kg4 Kd4 51. b3 Kc3 52. Ne4+ Kb4
53. Kf5 Ka3 54. Ke5 Kxa2 55. Nd2 Kb2 56. Kd4 Kc2 57. b4 Kxd2 58. Kc5 Kc3 59. b5
a5 60. Kb6 a4 61. c5 a3 62. Kxb7 a2 63. c6 a1=Q 64. c7 Qh1+ 65. Kb8 Qh2 66. b6
Kb4 67. b7 Kb5 68. Ka8 Qa2+ 69. Kb8 Kb6 70. Kc8 Qg8+ 71. Kd7 Kxb7 {White
resigns} 0-1

[Event "Team 45 45 League T32"]
[Site "Internet Chess Club"]
[Date "2007.02.17"]
[Round "5"]
[White "twintower"]
[Black "sdcohle"]
[Result "1-0"]
[WhiteElo "1591"]
[BlackElo "1401"]
[ECO "B76"]
[TimeControl "2700+45"]

1. e4 c5 2. Nf3 d6 3. d4 cxd4 4. Nxd4 Nf6 5. Nc3 g6 6. f3 Bg7 7. Be3 Nc6 8. Qd2
O-O 9. O-O-O Qc7 10. Bh6 Nxd4 11. Bxg7 Kxg7 12. Qxd4 Be6 13. Nd5 Qc5 14. Qxc5
dxc5 15. Nc7 Rac8 16. Nxe6+ fxe6 17. Bc4 Rc6 18. e5 Ng8 19. Rd7 Rf4 20. b3 Rf5
21. Re1 Rb6 22. Rc7 Rf8 23. Rxc5 Rd8 24. Rd1 Rf8 25. Rd4 a6 26. Kd2 Nh6 27. Bd3
Nf5 28. Bxf5 exf5 29. f4 Kf7 30. Rc7 Ke6 31. Rdd7 Re8 32. Rxb7 Rc6 33. c4 Rc5
34. a4 a5 35. Kd3 Rc6 36. Kd4 h6 37. c5 g5 38. g3 g4 39. Kc4 h5 40. Kb5 Rcc8 41.
b4 axb4 42. Kxb4 Kf7 43. Kb5 Rb8 44. c6 Ke6 45. a5 Rxb7+ 46. Rxb7 Rc8 47. a6 Kd5
48. Rd7+ Ke6 49. a7 Ra8 50. Kb6 Re8 51. Kb7 Kf7 52. a8=Q Rxa8 53. Kxa8 Ke8 54.
Kb7 e6 55. Rh7 h4 56. c7 hxg3 57. c8=Q# {Black checkmated} 1-0

[Event "Team 45 45 League T32"]
[Site "Internet Chess Club"]
[Date "2007.02.13"]
[Round "5"]
[White "Toalla"]
[Black "SRS"]
[Result "0-1"]
[WhiteElo "1363"]
[BlackElo "1721"]
[ECO "A50"]
[TimeControl "2700+45"]

1. d4 Nf6 2. c4 Nc6 3. Nf3 e6 4. e3 d5 5. Nc3 Ne7 6. Qb3 Ng6 7. Bd3 Be7 8. O-O
O-O 9. Bd2 c5 10. Rfe1 a6 11. a4 cxd4 12. exd4 dxc4 13. Qxc4 Bd7 14. Qb3 Bc6 15.
Ne4 Nd5 16. Ne5 Ngf4 17. Nxc6 bxc6 18. Bc4 Rb8 19. Qc2 Nb4 20. Qc3 Nfd5 21. Bxd5
cxd5 22. Ng3 Rc8 23. Qf3 Nc2 24. Bc3 Nxe1 25. Rxe1 Qb6 26. Qd3 Bb4 27. Ne2 Rc4
28. Rc1 Rfc8 29. b3 R4c6 30. Bb2 Rxc1+ 31. Nxc1 Qc6 32. Qf1 Qc2 33. Nd3 Bc3 34.
Bxc3 Rxc3 35. Nb4 Qd2 36. g3 Rc1 37. Kg2 Rxf1 {White resigns} 0-1

[Event "Team 45 45 League T32"]
[Site "Internet Chess Club"]
[Date "2007.02.18"]
[Round "5"]
[White "Pawnster"]
[Black "JimGrange"]
[Result "1-0"]
[WhiteElo "2096"]
[BlackElo "1890"]
[ECO "A46"]
[TimeControl "2700+45"]

1. d4 Nf6 2. Nf3 e6 3. Bf4 c5 4. c3 b6 5. e3 Bb7 6. Nbd2 Be7 7. Bd3 d6 8. h3
Nbd7 9. O-O O-O 10. Re1 Qc7 11. e4 e5 12. Bg3 Rad8 13. d5 a6 14. Nh4 g6 15. Nhf3
b5 16. c4 b4 17. Bc2 a5 18. Ba4 Bc8 19. a3 Nb6 20. axb4 Nxa4 21. Qxa4 axb4 22.
Qc6 Rd7 23. Qxc7 Rxc7 24. Ra8 Bb7 25. Ra7 Ra8 26. Rea1 Rxa7 27. Rxa7 Ne8 28. Nb3
Bc8 29. Ra8 Bd7 30. Na5 Kg7 31. Nxe5 Nf6 32. Nxd7 Rxd7 33. e5 Ne4 34. exd6 Nxd6
35. b3 Ne4 36. Bf4 Bh4 37. g3 Bf6 38. Nc6 Bc3 39. Ra7 Rxa7 40. Nxa7 Bd4 41. Nc6
Nxf2 42. Kg2 Nd3 43. d6 Nxf4+ 44. gxf4 {Black resigns} 1-0

[Event "Team 45 45 League T32"]
[Site "Internet Chess Club"]
[Date "2007.02.18"]
[Round "5"]
[White "Vannak1"]
[Black "Ghostblaster"]
[Result "0-1"]
[WhiteElo "1751"]
[BlackElo "1644"]
[ECO "B94"]
[TimeControl "2700+45"]

1. e4 c5 2. Nf3 d6 3. d4 cxd4 4. Nxd4 Nf6 5. Nc3 a6 6. Bg5 Nbd7 7. Bc4 Qc7 8.
Bb3 b5 9. a3 Bb7 10. f3 h6 11. Be3 g6 12. Qd2 Bg7 13. Ndxb5 axb5 14. Nxb5 Qc6
15. Qb4 Nc5 16. Bd5 Nxd5 17. exd5 Qc8 18. O-O-O O-O 19. Qh4 g5 20. Bxg5 hxg5 21.
Qxg5 Qd7 22. Rd4 Qxb5 23. Rg4 Qxb2+ 24. Kd1 Ra4 25. f4 Rxa3 26. Re1 Qd4+ 27. Ke2
Re3+ 28. Kf1 Ba6+ 29. Re2 Bxe2+ 30. Ke1 Bxg4+ {White resigns} 0-1

[Event "Team 45 45 League T32"]
[Site "Internet Chess Club"]
[Date "2007.02.19"]
[Round "5"]
[White "autobot"]
[Black "MindRide"]
[Result "0-1"]
[WhiteElo "1673"]
[BlackElo "1747"]
[ECO "A46"]
[TimeControl "2700+45"]

1. d4 Nf6 2. Nf3 e6 3. e3 c5 4. c3 b6 5. Bd3 Bb7 6. O-O d5 7. Nbd2 Bd6 8. Bc2
O-O 9. Re1 cxd4 10. exd4 Qc7 11. Ne5 Nbd7 12. f4 g6 13. Ndf3 Ne4 14. Nd2 Ndf6
15. Nxe4 Nxe4 16. Bd2 f6 17. Nf3 Bxf4 18. Qe2 Nxd2 19. Nxd2 Bxh2+ 20. Kh1 Rae8
21. Qg4 Qg3 22. Qe2 Qf4 23. Nf1 Bg3 24. Nxg3 Qxg3 25. Qd2 Qh4+ 26. Kg1 e5 27.
Re3 Qg5 28. Qe2 e4 29. Bb3 Kg7 30. Re1 f5 31. Rh3 f4 32. c4 f3 33. Qf2 e3 {White
resigns} 0-1

[Event "Team 45 45 League T32"]
[Site "Internet Chess Club"]
[Date "2007.02.19"]
[Round "5"]
[White "GolferBob"]
[Black "BenjaminSisko"]
[Result "0-1"]
[WhiteElo "1614"]
[BlackElo "1628"]
[ECO "A47"]
[TimeControl "2700+45"]

1. d4 Nf6 2. Nf3 b6 3. Bf4 Bb7 4. e3 e6 5. Bd3 Ba6 6. O-O c5 7. c3 Be7 8. h3 O-O
9. Qe2 Bxd3 10. Qxd3 cxd4 11. cxd4 d6 12. Nc3 Nbd7 13. Bh2 Qb8 14. Rac1 a6 15.
e4 e5 16. d5 Nc5 17. Qe2 b5 18. b4 Ncd7 19. Nd2 Ne8 20. f4 Bf6 21. f5 Bd8 22.
Kh1 Nef6 23. Qf3 h6 24. Ne2 Nh7 25. Rc2 Ra7 26. Rfc1 Rc7 27. Bg1 Rxc2 28. Rxc2
Bb6 29. Qc3 Bxg1 30. Nxg1 Nb6 31. Qc7 Qxc7 32. Rxc7 Rc8 33. Rxc8+ Nxc8 34. Ngf3
Nb6 35. Kg1 Nf6 36. Kf2 Na4 37. Ke3 Nc3 38. a3 Nd1+ 39. Ke2 Nc3+ 40. Kd3 Nd1 41.
Ng1 Nf2+ 42. Ke3 Nd1+ 43. Kf3 g6 44. g4 gxf5 45. gxf5 Nh5 46. Ne2 Kg7 47. Nb3
Nb2 48. Na5 Nf6 49. Nc3 Nd7 50. Ke3 Kf8 51. Kd2 Nb6 52. Kc2 N2c4 53. Nxc4 Nxc4
54. Kb3 Nd2+ 55. Kc2 Nc4 56. Kb3 Nd2+ 57. Kc2 Nf3 58. a4 Nd4+ 59. Kd3 h5 60.
axb5 axb5 61. Nd1 Kg7 62. Ne3 Kh6 63. Ng2 Kg5 64. Kc3 Ne2+ 65. Kd3 Nf4+ 66. Nxf4
Kxf4 67. f6 Kg3 68. Ke3 Kxh3 69. Kf3 Kh4 70. Kg2 Kg5 71. Kf3 Kxf6 {White
resigns} 0-1

[Event "Team 45 45 League T32"]
[Site "Internet Chess Club"]
[Date "2007.02.17"]
[Round "5"]
[White "John3v16"]
[Black "DocHoliday"]
[Result "0-1"]
[WhiteElo "1762"]
[BlackElo "1990"]
[ECO "B20"]
[TimeControl "2700+45"]

1. e4 c5 2. g3 Nc6 3. Bg2 g6 4. d3 Bg7 5. c3 b6 6. Nf3 e6 7. O-O Bb7 8. Bf4 d6
9. Na3 Ne5 10. Qd2 Ba6 11. c4 Qe7 12. Rad1 Rd8 13. b3 Nc6 14. Nc2 Nf6 15. Bh6
Bxh6 16. Qxh6 e5 17. Bh3 Qf8 18. Qg5 Qg7 19. Nh4 h6 20. Qd2 Nh5 21. Ne3 Ne7 22.
Nd5 Nxd5 23. exd5 O-O 24. Ng2 f5 25. f4 Rde8 26. Qb2 e4 27. Qxg7+ Kxg7 28. dxe4
Rxe4 29. Rfe1 Rfe8 30. Rxe4 Rxe4 31. Kf2 b5 32. cxb5 Bxb5 33. Ne3 Nf6 34. Rd2
Re7 35. Bxf5 Rxe3 36. Kxe3 gxf5 37. a3 a5 38. h3 h5 39. Rd1 Kf7 40. Kf2 Ba6 41.
b4 axb4 42. axb4 cxb4 43. Rd4 Ne4+ 44. Ke3 Nxg3 45. Rxb4 Ne4 46. Rb6 Bf1 47. h4
Bh3 48. Rb7+ Ke8 49. Rb8+ Kd7 50. Rb7+ Kc8 51. Rg7 Kd8 52. Ra7 Bg4 53. Rg7 Nc3
54. Kd4 Ne2+ 55. Ke3 Ng1 56. Rg6 Kc7 57. Rg7+ Kb6 58. Rg6 Kc5 59. Rxg4 hxg4 60.
h5 Nf3 61. Kf2 Kxd5 62. Kg3 Ke6 {White resigns} 0-1

[Event "Team 45 45 League T32"]
[Site "Internet Chess Club"]
[Date "2007.02.15"]
[Round "5"]
[White "ZeTigre"]
[Black "dondel"]
[Result "1-0"]
[WhiteElo "2000"]
[BlackElo "1660"]
[ECO "B14"]
[TimeControl "2700+45"]

1. e4 c6 2. d4 d5 3. exd5 cxd5 4. c4 Nf6 5. Nc3 e6 6. Nf3 Be7 7. cxd5 Nxd5 8.
Bc4 Nc6 9. O-O O-O 10. Re1 a5 11. Bb3 b6 12. Nxd5 exd5 13. Bf4 Bb4 14. Bd2 Bg4
15. Bxb4 axb4 16. Rc1 Rc8 17. Kh1 Rc7 18. Qd3 Re8 19. Rxe8+ Qxe8 20. Bxd5 Bxf3
21. gxf3 Ne5 22. Qe3 Rxc1+ 23. Qxc1 Nd3 24. Qd2 Qb5 25. Qc2 g6 26. Bc4 Nxf2+ 27.
Kg2 Nd1 28. Bxb5 Ne3+ 29. Kf2 Nxc2 30. d5 Nd4 31. Bd3 b3 32. axb3 Nxb3 33. d6
Nc5 34. Bc4 Kf8 35. Bb5 Nb7 36. d7 Ke7 37. b4 Nd8 38. f4 Ne6 39. f5 Nf8 40.
d8=Q+ Kxd8 41. Ke3 Ke7 42. Ke4 Kf6 43. fxg6 hxg6 44. Kd5 Ne6 45. Bf1 g5 46. b5
Nc5 47. Kc6 Na4 48. Bc4 g4 49. Bb3 Nc5 50. Bd1 Kg5 51. Kxb6 Ne4 52. Kc6 g3 53.
hxg3 Nxg3 54. b6 Nf5 55. b7 Ne7+ 56. Kd7 Nd5 57. b8=Q Nf6+ 58. Ke7 Nd5+ 59. Kxf7
Nf6 60. Qe5+ {Black resigns} 1-0

[Event "Team 45 45 League T32"]
[Site "Internet Chess Club"]
[Date "2007.02.18"]
[Round "5"]
[White "Ingo"]
[Black "GrandPoobah069"]
[Result "1-0"]
[WhiteElo "1720"]
[BlackElo "1679"]
[ECO "B22"]
[TimeControl "2700+45"]

1. e4 c5 2. c3 d6 3. d4 cxd4 4. cxd4 Nf6 5. Nc3 g6 6. f3 Bg7 7. Be3 O-O 8. Qd2
Re8 9. Bc4 Nc6 10. Nge2 Bd7 11. g4 Rc8 12. Bb3 Na5 13. e5 Bxg4 14. fxg4 Nxg4 15.
h3 Nxe3 16. Qxe3 Nxb3 17. axb3 dxe5 18. dxe5 a6 19. Rd1 Qc7 20. Rd5 Red8 21.
Rxd8+ Rxd8 22. e6 f5 23. h4 Qc6 24. Rh3 Rd6 25. Nf4 Bh6 26. Ncd5 Rxd5 27. Nxd5
Qxd5 28. Qxh6 Qe4+ 29. Qe3 Qb1+ 30. Kf2 Qxb2+ 31. Kg3 Qf6 32. Rh2 Kg7 33. Rc2
f4+ 34. Qxf4 Qxe6 35. Qd4+ Kh6 36. Qd2+ Kg7 37. Qc3+ Kh6 38. Qf3 Kg7 39. Rf2
Qd6+ 40. Kg2 Qf6 41. Qxf6+ exf6 42. Rc2 Kh6 43. Rc7 b5 44. Ra7 g5 45. hxg5+ fxg5
46. Rxa6+ Kg7 {Black resigns} 1-0

[Event "Team 45 45 League T32"]
[Site "Internet Chess Club"]
[Date "2007.02.16"]
[Round "5"]
[White "BraafPaard"]
[Black "tammany"]
[Result "1-0"]
[WhiteElo "1603"]
[BlackElo "1687"]
[ECO "A30"]
[TimeControl "2700+45"]

1. c4 c5 2. Nf3 Nc6 3. d4 cxd4 4. Nxd4 g6 5. Nc3 Bg7 6. Nxc6 bxc6 7. e4 d6 8.
Bf4 Qa5 9. Qb3 Nf6 10. Bd3 O-O 11. O-O Be6 12. Qc2 Nd7 13. a3 Qc7 14. b4 a5 15.
Qd2 axb4 16. axb4 Qb7 17. Rab1 Ra3 18. Rfc1 Ne5 19. Bxe5 Bxe5 20. Qb2 Rfa8 21.
Qd2 Qb6 22. Ne2 d5 23. c5 Qc7 24. f4 dxe4 25. Bxe4 Rd8 26. Qe1 Bd4+ 27. Nxd4
Rxd4 28. g3 f5 29. Bg2 Ra2 30. Qxe6+ Kf8 31. Qxa2 {Black resigns} 1-0

[Event "Team 45 45 League T32"]
[Site "Internet Chess Club"]
[Date "2007.02.17"]
[Round "5"]
[White "martineden"]
[Black "A-Ru"]
[Result "1/2-1/2"]
[WhiteElo "1969"]
[BlackElo "1923"]
[ECO "D31"]
[TimeControl "2700+45"]

1. d4 e6 2. c4 d5 3. Nc3 c6 4. Nf3 dxc4 5. e4 b5 6. a4 Bb4 7. Bd2 a5 8. Na2
Bxd2+ 9. Qxd2 Bb7 10. Be2 Nf6 11. Qf4 Nbd7 12. Nc3 b4 13. Nb1 Ba6 14. Nbd2 c3
15. bxc3 bxc3 16. Nc4 Bxc4 17. Bxc4 Qb8 18. Qe3 Qb4 19. Bd3 c2+ 20. Qd2 c5 21.
Bxc2 O-O 22. Rb1 Qxd2+ 23. Kxd2 cxd4 24. Nxd4 Nc5 25. f3 Rfd8 26. Ke3 Ra6 27.
Rhd1 Rad6 28. Nb5 Rxd1 29. Rxd1 Rxd1 30. Bxd1 e5 31. Nd6 Nfd7 32. Nc4 f6 33.
Nxa5 Nb6 34. Nc6 Nbxa4 35. Ne7+ Kf7 36. Nd5 Ke6 37. Be2 Nd7 38. Bc4 Kd6 39. Bb5
Nab6 40. Nxb6 Nxb6 41. g3 Nd7 42. f4 Nc5 43. Bc4 Ne6 44. f5 Nd4 45. Bd3 Nb3 46.
g4 Nd4 47. h4 h6 48. Kf2 {Game drawn by mutual agreement} 1/2-1/2

[Event "Team 45 45 League T32"]
[Site "Internet Chess Club"]
[Date "2007.02.19"]
[Round "5"]
[White "kamu"]
[Black "NFK"]
[Result "0-1"]
[WhiteElo "1720"]
[BlackElo "1739"]
[ECO "A59"]
[TimeControl "2700+45"]

1. d4 Nf6 2. c4 c5 3. d5 b5 4. cxb5 a6 5. bxa6 Bxa6 6. Nc3 d6 7. e4 Bxf1 8. Kxf1
g6 9. Nf3 Nbd7 10. g3 Bg7 11. Kg2 O-O 12. h3 Qc7 13. Re1 Rfb8 14. Re2 Nb6 15.
Rc2 Nc4 16. Qe2 Na5 17. Nd2 Nd7 18. f4 c4 19. Nd1 Nb6 20. Ne3 Rc8 21. Rb1 Bd4
22. b4 Bxe3 23. bxa5 Rxa5 24. Qxe3 Ra6 25. f5 Qa7 26. Qh6 c3 27. Nf3 Rxa2 28.
Ne1 Rxc2+ 29. Nxc2 Qa2 30. Rxb6 Qxc2+ 31. Kf3 Qd1+ 32. Kg2 Qe2+ 33. Kg1 Qxe4 34.
f6 exf6 35. Rb7 Re8 36. Rc7 Qd4+ 37. Be3 Qxe3+ 38. Qxe3 Rxe3 39. Kf2 Rd3 40. Rc6
Rxd5 41. Rxc3 Rc5 42. Rd3 d5 43. Ke3 Kg7 44. Kd4 Ra5 45. Rc3 f5 46. Rc5 Rxc5 47.
Kxc5 Kf6 48. Kxd5 g5 49. Kd4 h5 50. Ke3 Ke5 51. Kf3 Kd4 52. Ke2 Ke4 53. Kf2 f4
54. gxf4 Kxf4 {White resigns} 0-1